 Dungeon Crawl Stone Soup version 0.19.0-24-gb05acd6 (webtiles) character file.

266 GordonOverkill the Grave Robber (level 6, -11/28 HPs)
             Began as a Vine Stalker Necromancer on Nov 22, 2016.
             Mangled by an ogre
             ... wielding a +0 giant club
              (13 damage)
             ... on level 3 of the Dungeon.
             The game lasted 00:12:05 (4476 turns).

GordonOverkill the Grave Robber (VSNe)              Turns: 4476, Time: 00:12:06

Health: -11/28     AC:  6    Str: 10    XL:     6   Next: 20%
Magic:  0/13       EV: 11    Int: 17    God:
Gold:   99         SH:  0    Dex: 15    Spells: 5 memorised, 1 level left

rFire  . . .     SeeInvis .     h - +0 trident
rCold  . . .     Gourm    .     j - +1 leather armour {MR+}
rNeg   . . .     Faith    .     (no shield)
rPois  .         Spirit   +     (no helmet)
rElec  .         Reflect  .     (no cloak)
rCorr  .         Harm     .     r - +0 pair of gloves
MR     +....                    p - +0 pair of boots
Stlth  ++........               (no amulet)
                                (no ring)
                                (no ring)

@: no status effects
A: fangs 2, regeneration 1, magic shield, antimagic bite, no device heal 3, rot
immunity
a: no special abilities


You were on level 3 of the Dungeon.
You were not hungry.

You visited 1 branch of the dungeon, and saw 4 of its levels.

You collected 99 gold pieces.

Inventory:

Hand Weapons
 h - a +0 trident (weapon)
Armour
 j - a +1 leather armour of magic resistance (worn)
 p - a +0 pair of boots (worn)
 r - a +0 pair of gloves (worn)
Jewellery
 f - a +3 ring of intelligence {unknown}
 l - an uncursed ring of stealth {unknown}
 o - an uncursed ring of protection from fire {unknown}
Scrolls
 e - 2 scrolls of identify
 i - a scroll of blinking
 k - a scroll of fog {unknown}
 m - a scroll of remove curse
Potions
 d - 2 potions of flight {unknown}
 n - 2 potions of heal wounds {unknown}
Books
 b - a book of Necromancy

   Spells                             Type                      Level
   a - Pain                           Necromancy                   1
   b - Animate Skeleton               Necromancy                   1
   c - Vampiric Draining              Necromancy                   3
   d - Regeneration                   Charms/Necromancy            3
   e - Animate Dead                   Necromancy                   4
   f - Control Undead                 Necromancy                   4
Comestibles
 a - 2 beef jerkies
 c - 3 bread rations
 g - 4 meat rations
 q - 5 chunks of flesh


   Skills:
 - Level 1.5 Dodging
 - Level 2.4 Stealth
 - Level 4.0 Spellcasting
 + Level 6.4 Necromancy


You had one spell level left.
You knew the following spells:

 Your Spells              Type           Power        Failure   Level  Hunger
a - Pain                  Necr           ####         1%          1    None
b - Animate Skeleton      Necr           N/A          1%          1    None
c - Vampiric Draining     Necr           ####......   6%          3    ###....
d - Regeneration          Chrm/Necr      ##........   21%         3    ###....
e - Animate Dead          Necr           N/A          17%         4    ####...


Dungeon Overview and Level Annotations

Branches:
Dungeon (4/15)
 Temple: D:4-7

Altars:
Hepliaklqana
Qazlal
Xom

Annotations:
D:4 Pikel


Innate Abilities, Weirdness & Mutations

You have extremely sharp teeth.
Your natural rate of healing is unusually fast.
When hurt, damage is shared between your health and your magic reserves.
Your bite disrupts and absorbs the magic of your enemies.
Potions and wands cannot restore your health.
You are immune to rotting.


Message History

Blork crumbles into dust!
An orc comes into view. It is wielding a flail.
There is a stone staircase leading up here.
The ogre hits you with a giant club!
You climb upwards.
There is a stone staircase leading down here.
Casting: Pain
Confirm with . or Enter, or press ? or * to list all spells.
Aiming: Vampiric Draining
Press: ? - help, Shift-Dir - straight line, f - ogre
Aim: an ogre, wielding a giant club The ogre is moderately wounded.
You feel life coursing into your body. The ogre hits you with a giant club!!
Ouch! That really hurt!
You see here 11 arrows.
The ogre hits you with a giant club!
Ouch! That really hurt!
* * * LOW HITPOINT WARNING * * *
The ogre hits you with a giant club!
You die...

########g.#.## #........>..#
#.)..#g### ##...........#
##.####)..# #............#
#####..# ###g####.#.##..######
#.....## #.#....#....## #.#####
###.g.#####..## #.# ##....##
##..## ..# ##..#..####...# .##
###..###..@.#(#.# .# ###...##
####O#.#.# .####...### #...#.#
......### #..##.#
....#################.#
.................)..#############
###################..............
#.#...#...#...# #..............


You could see an ogre.

Vanquished Creatures
  Blork the orc (D:4)
  An orc wizard (D:3)
  4 gnolls
  4 adders
  3 worms
  A leopard gecko (D:3)
  5 orcs
  10 bats
  11 giant cockroaches
  2 goblins (D:2)
  5 hobgoblins
  5 jackals
  4 kobolds
  5 frilled lizards
  8 rats
69 creatures vanquished.

Vanquished Creatures (collateral kills)
  A worker ant (D:4)
  A jackal (D:2)
  A bat (D:1)
3 creatures vanquished.

Grand Total: 72 creatures vanquished

Notes
Turn   | Place    | Note
-------+----------+-------------------------------------------
     0 | D:1      | GordonOverkill the Vine Stalker Necromancer began the quest for the Orb.
     0 | D:1      | Reached XP level 1. HP: 9/9 MP: 4/4
   293 | D:1      | Reached XP level 2. HP: 8/13 MP: 1/6
   330 | D:1      | Learned a level 1 spell: Animate Skeleton
  1588 | D:2      | Reached XP level 3. HP: 12/16 MP: 2/8
  1678 | D:2      | Learned a level 3 spell: Vampiric Draining
  1682 | D:2      | Learned a level 3 spell: Regeneration
  2434 | D:2      | Gained mutation: Your natural rate of healing is unusually fast. [Vine Stalker growth]
  2434 | D:2      | Reached XP level 4. HP: 21/21 MP: 8/10
  2542 | D:2      | Found a shimmering altar of Xom.
  2543 | D:2      | Found a hazy altar of Hepliaklqana.
  2543 | D:2      | Noticed a thorn hunter
  2544 | D:2      | Noticed a spectral ugly thing
  2544 | D:2      | Noticed a thorn hunter
  3025 | D:3      | Reached skill level 5 in Necromancy
  3319 | D:3      | Reached XP level 5. HP: 24/24 MP: 9/11
  3438 | D:3      | Found a glowing drain.
  3600 | D:3      | Learned a level 4 spell: Animate Dead
  3736 | D:3      | Found a stormy altar of Qazlal.
  4165 | D:4      | Noticed Blork the orc
  4252 | D:4      | Killed Blork the orc
  4252 | D:4      | Reached skill level 6 in Necromancy
  4252 | D:4      | Reached XP level 6. HP: 14/28 MP: 1/13
  4414 | D:4      | Noticed a slave
  4422 | D:4      | Noticed Pikel
  4424 | D:4      | Noticed a slave
  4474 | D:3      | HP: 1/28 [ogre/giant club (14)]
  4476 | D:3      | Mangled by an ogre

Skill      XL: |  1  2  3  4  5 |
---------------+----------------+-----
Spellcasting   | 3 4 |  4.0
Necromancy     | 5 6 |  6.4
Dodging        | |  1.5
Stealth        | |  2.4

Action                   |  1- 3 |  4- 6 || total
-------------------------+-------+-------++-------
Melee: Club              |    23 |    18 ||    41
       Bite              |     4 |    10 ||    14
       Trident           |       |    39 ||    39
 Cast: Pain              |    52 |    86 ||   138
       Animate Skeleton  |    16 |     3 ||    19
       Vampiric Draining |     3 |     3 ||     6
  Use: Scroll            |     2 |     3 ||     5
 Stab: Sleeping          |     1 |       ||     1
  Eat: Chunk             |     5 |     7 ||    12
Armor: Robe              |    15 |       ||    15
       Leather armour    |     5 |    23 ||    28
Dodge: Dodged            |    38 |    62 ||   100
